cohdb
Replays
Latest Replays
All Replays
Popular Replays
Top Player Replays
Match Explorer
How It Works
Community
CoH3 Stats
Reddit
Sign in to upload your games and track your stats! →
Sign in with Steam
Match 44742999
Unlisted
Match 44742999
Overview
Messages
Build Orders
End
Scout Squad
Selects Airborne Battlegroup
Selects Pathfinders
Pathfinder Squad
Construct Weapon Support Center
Bazooka Squad
M1919 Machine Gun Team
Infantry Support Center
Bazooka Squad
Selects Paratrooper Squad Paradrop
M3 Armored Personnel Carrier
Construct Medical Station
M3 Armored Personnel Carrier
Selects Anti-tank Gun Team Paradrop
Construct Tank Depot
Selects Recon Loiter
Selects Supply Drop
Paratrooper Squad Paradrop
Engineer Squad
Engineer Squad
M4(105) Sherman Bulldozer
Selects Carpet Bombing Run
M18 Hellcat Tank Destroyer
Supply Drop
Recon Loiter
Advanced Logistics
Survival Training
Carpet Bombing Run
M18 Hellcat Tank Destroyer
Anti-tank Gun Team Paradrop
Engineer Squad
Recon Loiter
M18 Hellcat Tank Destroyer
Carpet Bombing Run
Engineer Squad
Supply Drop
Recon Loiter
Pie-Eater
Skitsokiwi
BitofaLiability
L320Y
=RUN=TWOMAn
微操蒋中正
别把我惹火了
adam051021
0
0
Comments
sign in to comment!
No comments posted yet!